 Dungeon Crawl Stone Soup version 0.27.1-1-g398f81649c (webtiles) character file.

Game seed: 6449583727958349551

60 Ha714701 the Cudgeller (level 4, -2/35 HPs)
             Began as a Human Fighter on Sept 21, 2021.
             Slain by Crazy Yiuf (7 damage)
             ... on level 3 of the Dungeon.
             The game lasted 00:11:18 (2567 turns).

Ha714701 the Cudgeller (Human Fighter)              Turns: 2567, Time: 00:11:23

Health: -2/35      AC:  6    Str: 18    XL:     4   Next: 24%
Magic:  4/4        EV:  7    Int:  8    God:
Gold:   146        SH:  9    Dex: 12    Spells: 3/3 levels left

rFire    . . .     SeeInvis .   a - +0 flail
rCold    . . .     Faith    .   c - +0 kite shield
rNeg     . . .     Spirit   .   b - +0 scale mail
rPois    .         Reflect  .   (no helmet)
rElec    .         Harm     .   (no cloak)
rCorr    .         Rampage  .   (no gloves)
Will     .....                  (no boots)
Stlth    ..........             (no amulet)
HPRegen  0.11/turn              (no ring)
MPRegen  0.09/turn              (no ring)

@: lethally poisoned (-2 -> -27)
A: no striking features
a: no special abilities


You were on level 3 of the Dungeon.
You visited 1 branch of the dungeon, and saw 3 of its levels.

You collected 146 gold pieces.

Inventory:

Hand Weapons
 a - a +0 flail (weapon)
 l - a +0 hunting sling
Missiles
 f - 24 arrows
 i - 7 atropa-tipped darts (quivered)
 k - 102 stones
 n - 23 bolts
Armour
 b - a +0 scale mail (worn)
 c - a +0 kite shield (worn)
Wands
 p - a wand of paralysis (7)
Scrolls
 h - 3 scrolls of amnesia {unknown}
 j - a scroll of torment {unknown}
 m - a scroll of identify {unknown}
 q - 2 scrolls of silence {unknown}
Potions
 d - 3 potions of might
 e - a potion of berserk rage {unknown}
 g - a potion of degeneration {unknown}
 o - a potion of curing {unknown}


   Skills:
 - Level 3.0 Fighting
 * Level 3.8 Maces & Flails
 + Level 0.4(0.7) Slings
 + Level 0.7(0.9) Throwing
 - Level 3.0 Armour
 + Level 0.6 Dodging
 - Level 3.0 Shields


You had 3 spell levels left.
You didn't know any spells.
Your spell library contained the following spells:

 Spells                   Type           Power      Damage    Failure   Level
 Dispersal                Tloc           0%         N/A       100%        6
 Disjunction              Tloc           0%         N/A       100%        8


Dungeon Overview and Level Annotations

Branches:
Dungeon (3/15)

Altars:

Annotations:
D:3 Crazy Yiuf


Message History

You shoot a stone. The stone closely misses the bat.
You block the bat's attack.
You shoot a stone.
The stone hits the bat but does no damage.
The bat is moderately wounded.
You block the bat's attack.
You shoot a stone. The stone hits the bat!
You kill the bat!
k - 95 stones (gained 1)
k - 96 stones (gained 1)
k - 98 stones (gained 2)
k - 99 stones (gained 1)
k - 100 stones (gained 1)
Found a scroll labelled KIASAAP KEPS.
You now have 146 gold pieces (gained 3).
k - 102 stones (gained 2)
q - 2 scrolls labelled KIASAAP KEPS (gained 1)
Found a mace.
Found a runed translucent door.
Crazy Yiuf shouts!
You open the door.
Really attack while wielding your +0 hunting sling? [Y]es or [N]o only, please.
Really attack while wielding your +0 hunting sling?
Okay, then.
a - a +0 flail (weapon)
You hit Crazy Yiuf but do no damage.
Crazy Yiuf hits you with a +4 quarterstaff of chaos. x2
You are poisoned.
You hit Crazy Yiuf.
Crazy Yiuf is moderately wounded.
You feel very sick. You block Crazy Yiuf's attack.
You hit Crazy Yiuf but do no damage.
Crazy Yiuf is moderately wounded.
You feel very sick.
Crazy Yiuf hits you with a +4 quarterstaff of chaos!
* * * LOW HITPOINT WARNING * * *
You are more poisoned.
Crazy Yiuf hits you with a +4 quarterstaff of chaos!
You die...

#........ .........#
.........# ##.......#
#.......# #.......#
### ##########.#
#)..### ##..#.## #...
#...g@####......# #...
#...##..#.......###...
### ###.#...##.......
########....#.#
#....#.# #....#.#
......#.# ##.....#.#
#.....#.#


You could see Crazy Yiuf.

Vanquished Creatures
  An adder (D:2)
  3 dart slugs
  4 endoplasms
  2 giant cockroaches
  3 goblins
  4 hobgoblins
  2 quokkas (D:2)
  7 ball pythons
  3 bats
  11 frilled lizards
  4 kobolds
  2 rats
46 creatures vanquished.

Vanquished Creatures (others)
  A fungus (D:1)
  7 plants (D:1)
8 creatures vanquished.

Grand Total: 54 creatures vanquished

Notes
Turn   | Place    | Note
-------+----------+-------------------------------------------
     0 | D:1      | Ha714701 the Human Fighter began the quest for the Orb.
     0 | D:1      | Reached XP level 1. HP: 18/18 MP: 1/1
   371 | D:1      | Reached XP level 2. HP: 16/17 MP: 2/2
  1053 | D:1      | Reached XP level 3. HP: 23/23 MP: 3/3
  1477 | D:1      | Found a faded altar of an unknown god.
  2176 | D:2      | Reached XP level 4. HP: 31/34 MP: 4/4
  2559 | D:3      | Found a runed translucent door.
  2560 | D:3      | Noticed Crazy Yiuf
  2567 | D:3      | Slain by Crazy Yiuf

Illustrated notes

Levels and vault maps discovered:
D:1:      giann_wishing_wells, layout_loops_ring,
          shapermc_ecumenical_altar_petra, minmay_lizard_king
D:2:      layout_loops_ring, nrook_mini_backslash
D:3:      layout_basic, nicolae_vehumet_radiance, kennysheep_slug_shrine,
          uniq_crazy_yiuf_cottage

Skill      XL: |  1  2 |
---------------+-------+-----
Maces & Flails | 3 |  3.8
Fighting       | |  3.0
Slings         | |  0.4
Throwing       | |  0.7
Armour         | |  3.0
Dodging        | |  0.6
Shields        | |  3.0

Action                   |  1- 3 |  4- 6 || total
-------------------------+-------+-------++-------
Melee: Flail             |   124 |    11 ||   135
 Fire: Hunting sling     |    22 |     9 ||    31
Throw: Dart              |    19 |       ||    19
Armor: Scale mail        |    55 |     1 ||    56
Dodge: Dodged            |    42 |     3 ||    45
Block: Kite shield       |    58 |    10 ||    68
